 Dungeon Crawl Stone Soup version 0.31.0-9-g3a7656b989 (webtiles) character file.

Game seed: 14006085726833242888

100 qw the Shooter (level 4, -4/22 HPs)
             Began as a Spriggan Hunter on Feb 2, 2024.
             Slain by an orc
             ... wielding a +0 mace
              (5 damage)
             ... on level 3 of the Dungeon.
             The game lasted 00:00:05 (1755 turns).

qw the Shooter (Spriggan Hunter)                    Turns: 1755, Time: 00:00:06

Health: -4/22      AC:  2    Str:  7    XL:     4   Next: 46%
Magic:  5/5        EV: 20    Int: 10    God:
Gold:   103        SH:  0    Dex: 20    Spells: 3/3 levels left

rFire   . . .        a - +0 shortbow
rCold   . . .        (shield currently unavailable)
rNeg    . . .        c - +0 robe
rPois   .            (helmet restricted)
rElec   .            (no cloak)
rCorr   .            (gloves unavailable)
SInv    +            (boots unavailable)
Will    .....        (no amulet)
Stlth   ++           (no ring)
HPRegen 0.23/turn    (no ring)
MPRegen 0.09/turn

%: no passive effects
@: very quick
A: very small, no large weapons, unfitting armour, see invisible, speed 3
a: no special abilities


You were on level 3 of the Dungeon.
You visited 1 branch of the dungeon, and saw 3 of its levels.

You collected 103 gold pieces.


Innate Abilities, Weirdness & Mutations

You are very small and have problems with some larger weapons.
You are too small for most types of armour.
You have supernaturally acute eyesight. (SInv)
You cover ground extremely quickly. (Speed+++)


   Skills:
 - Level 1.5 Fighting
 - Level 5.0 Ranged Weapons
 + Level 4.9 Dodging
 - Level 1.5 Stealth


You had 3 spell levels left.
You didn't know any spells.
Your spell library was empty.

Inventory:

Hand Weapons
 a - a +0 shortbow (weapon)
Armour
 c - a +0 robe (worn)
Scrolls
 d - 2 scrolls of identify
Potions
 b - a potion of might {unknown}
 e - a potion of curing
 f - a potion of degeneration {unknown}

Dungeon Overview and Level Annotations

Branches:
Dungeon (3/15)

Altars:


Message History

As you open the door, it creaks loudly!
An orc priest, an orc wizard and 2 orcs come into view.
The orc priest shouts!
The orc shouts! x2; The orc wizard shouts!
Found 68 gold pieces.
Found a roughly hewn altar of Beogh.
You shoot an arrow. The arrow barely misses the orc wizard.
You shoot an arrow. The arrow hits the orc wizard!
The orc wizard is heavily wounded.
You shoot an arrow. The arrow hits the orc wizard.
You kill the orc wizard!
You shoot an arrow. The arrow barely misses the orc.
The arrow hits the orc priest.
The orc priest is lightly wounded.
You shoot an arrow.
The arrow hits the orc priest but does no damage.
The orc priest is lightly wounded.
The orc priest misses you. The orc completely misses you.
You shoot an arrow.
The arrow closely misses the orc priest.
The arrow hits the orc but does no damage.
The orc priest invokes the aid of Beogh against you.
You struggle to resist.
The orc misses you.
You shoot an arrow.
The arrow completely misses the orc priest.
The arrow closely misses the orc.
The orc hits you with a +0 war axe.
The orc priest hits you with a +0 short sword.
The orc barely misses you. The orc completely misses you.
You shoot an arrow.
The arrow closely misses the orc priest.
The orc priest closely misses you. The orc hits you with a +0 mace.
The orc hits you with a +0 war axe!
You shoot an arrow.
The arrow hits the orc priest but does no damage.
The orc priest is lightly wounded.
The orc priest misses you. The orc closely misses you.
The orc hits you with a +0 war axe.
You shoot an arrow. The arrow hits the orc priest.
The orc priest is lightly wounded.
The orc hits you with a +0 mace.
You die...

#... #... ##### ...
##$_$## ..# #$8.8$#
#.# #####$$..$#
##.# #####..<#.8.8.
.#.###.......##...
......#.##....##o##
##.###.######..o@o#
...# ###
#.#.........# ##.#
#.##...##.#### #.#
## ##### #
##.###### ........#
###.###.# #.###.#
####### #.#...#
#.....#


You could see an orc priest and 2 orcs.

Vanquished Creatures
  An orc wizard (D:3)
  2 adders (D:2)
  2 dart slugs (D:2)
  A ribbon worm (D:2)
  2 endoplasms (D:2)
  2 giant cockroaches
  5 goblins (D:1)
  9 hobgoblins
  3 jackals (D:1)
  2 kobolds (D:1)
  A quokka (D:1)
  9 ball pythons
  3 bats
  A frilled lizard (D:2)
  4 rats
47 creatures vanquished.

Notes
Turn   | Place    | Note
-------+----------+-------------------------------------------
     0 | D:1      | qw the Spriggan Hunter began the quest for the Orb.
     0 | D:1      | Reached XP level 1. HP: 10/10 MP: 2/2
     0 | D:1      | 0 ||| qw: Version: 0.3-a-155-g5e7d8dd
     0 | D:1      | 0 ||| qw: Game counter: 1164
     0 | D:1      | 0 ||| qw: Melee chars always use a shield: true
     0 | D:1      | 0 ||| qw: God list: Okawaru
     0 | D:1      | 0 ||| qw: Allow faded altars: false
     0 | D:1      | 0 ||| qw: Do Orc after clearing Dungeon:15 true
     0 | D:1      | 0 ||| qw: Do second Lair branch before Depths: true
     0 | D:1      | 0 ||| qw: Lair rune preference: random
     0 | D:1      | 0 ||| qw: Goals: Normal
     0 | D:1      | 0 ||| PLANNING D:1-11
    81 | D:1      | Reached skill level 3 in Dodging
   174 | D:1      | Reached XP level 2. HP: 14/14 MP: 3/3
   510 | D:1      | Reached XP level 3. HP: 18/18 MP: 4/4
   711 | D:1      | 711 ||| READING scroll labelled OCIVOW WYAXTU.
   711 | D:1      | 711 ||| IDENTIFYING murky ruby potion
   712 | D:1      | 712 ||| DROPPING scroll of butterflies.
   958 | D:2      | Reached skill level 5 in Ranged Weapons
  1094 | D:2      | Reached XP level 4. HP: 22/22 MP: 5/5
  1097 | D:2      | 1097 ||| READING 2 scrolls of identify.
  1097 | D:2      | 1097 ||| IDENTIFYING scroll labelled XUOXTUKHLOF
  1098 | D:2      | 1098 ||| READING scroll of identify.
  1098 | D:2      | 1098 ||| IDENTIFYING scroll labelled EMPYTU DIPOLU
  1099 | D:2      | 1099 ||| DROPPING scroll of poison.
  1102 | D:2      | 1102 ||| DROPPING scroll of revelation.
  1754 | D:3      | HP: 1/22 [orc/+0 war axe (5)]
  1755 | D:3      | Slain by an orc

Levels and vault maps discovered:
D:1:      wheals_arrival_shading, layout_basic
D:2:      layout_basic, hangedman_glass_teeth
D:3:      layout_loops_cross, nemelex_spade_bored_becter, zin_scriptorium,
          hellmonk_ecumenical_altar_zigzags, kennysheep_orc_chapel

Skill      XL: |  1  2  3 |
---------------+----------+-----
Dodging        | 3 4 |  4.9
Ranged Weapons | 5 |  5.0
Fighting       | |  1.5
Stealth        | |  1.5

Action                     |  1- 3 |  4- 6 || total
---------------------------+-------+-------++-------
   Fire: Shortbow          |   110 |    19 ||   129
    Use: Scroll            |     1 |     2 ||     3
 Armour: Robe              |     8 |     6 ||    14
  Dodge: Dodged            |    28 |     8 ||    36

Table legend:
 A = Non-vault XP
 B = Vault XP
 C = Vault XP percentage of total XP
 D = Non-vault monster count
 E = Vault monster count
 F = Vault count percentage of total count
                 A         B        C        D         E       F
            +---------+---------+-------+---------+---------+-------
      Total |     110 |      33 |  23.1 |      46 |       1 |   2.1
            +---------+---------+-------+---------+---------+-------
        D:1 |      44 |       0 |   0.0 |      25 |       0 |   0.0
        D:2 |      64 |       0 |   0.0 |      20 |       0 |   0.0
        D:3 |       2 |      33 |  94.3 |       1 |       1 |  50.0
            +---------+---------+-------+---------+---------+-------
